[ AOE2 MATCH · #495277729 ]
UnrankedHindustanis vs Spanish
Rival team · WIN
[ REPLAY ANALYSIS · EXTRACTED FROM THE RECORDED GAME ]
Feudal
10:38
Castle
17:21
Imperial
—
| APM avg | 36.8 |
| APM peak | 65 |
| eAPM avg | 11.3 |
| Villagers / military | 69 / 24 |
Focus
⚔️ 23.5% · 🌾 76.5%
Skirmisher ×16 · Mangonel ×4 · Monk ×2 · Scout Cavalry ×2
Feudal
10:46
Castle
15:29
Imperial
—
| APM avg | 31.8 |
| APM peak | 81 |
| eAPM avg | 12.9 |
| Villagers / military | 65 / 11 |
Focus
⚔️ 28.9% · 🌾 71.1%
Conquistador ×6 · Mangonel ×3 · Missionary ×2
Match map
Initial resources + every placement click. Lines = walls · curves = elevation contours. ◆ gold · ⬟ stone · ● berries · ✦ relic · ◌ wall gap
Your base· ✓ Closed at 17:21 · 44t walls · 1 gate(s)
PEPPA's base· ✓ Closed at 15:29 · 32t walls · no gate
Smoothed initial terrain · ◌ = detected wall gap · hover for details
Inputs per minute
— [KOF]_ChavaAzcona - - PEPPA
Build order — [KOF]_ChavaAzcona
First 150 of 163 actions detected
| 0:02 | Create | Villager (Male) |
| 0:02 | Create | Villager (Male) |
| 0:03 | Build | House |
| 0:05 | Build | House |
| 0:05 | Create | Villager (Male) |
| 0:05 | Create | Villager (Male) |
| 1:05 | Create | Villager (Male) |
| 1:33 | Create | Villager (Male) |
| 1:57 | Build | Lumber Camp |
| 2:08 | Create | Villager (Male) |
| 2:09 | Create | Villager (Male) |
| 2:19 | Create | Villager (Male) |
| 2:19 | Create | Villager (Male) |
| 2:52 | Create | Villager (Male) |
| 3:11 | Create | Villager (Male) |
| 3:11 | Create | Villager (Male) |
| 3:50 | Build | Mill |
| 4:00 | Create | Villager (Male) |
| 4:00 | Create | Villager (Male) |
| 4:01 | Create | Villager (Male) |
| 4:05 | Create | Villager (Male) |
| 4:09 | Build | House |
| 4:41 | Build | House |
| 4:48 | Create | Villager (Male) |
| 5:07 | Create | Villager (Male) |
| 5:07 | Create | Villager (Male) |
| 5:31 | Create | Villager (Male) |
| 5:32 | Create | Villager (Male) |
| 5:37 | Create | Villager (Male) |
| 5:37 | Create | Villager (Male) |
| 5:41 | Create | Villager (Male) |
| 5:41 | Create | Villager (Male) |
| 5:53 | Build | Mill |
| 6:04 | Create | Villager (Male) |
| 6:04 | Create | Villager (Male) |
| 6:43 | Create | Villager (Male) |
| 7:19 | Build | Farm |
| 7:23 | Build | House |
| 7:50 | Research | Loom |
| 8:28 | Research | Feudal Age |
| 8:28 | Research | Feudal Age |
| 8:57 | Build | Farm |
| 8:57 | Build | Farm |
| 9:06 | Build | Barracks |
| 9:17 | Build | Palisade Wall |
| 9:25 | Build | Palisade Wall |
| 10:14 | Create | Villager (Male) |
| 10:20 | Build | House |
| 10:33 | Build | Farm |
| 10:37 | Build | Palisade Wall |
| 10:38 | Age | Feudal Age |
| 10:43 | Create | Villager (Male) |
| 10:56 | Build | Stable |
| 11:24 | Create | Villager (Male) |
| 11:41 | Create | Villager (Male) |
| 11:56 | Build | Blacksmith |
| 12:01 | Build | Palisade Gate |
| 12:04 | Create | Villager (Male) |
| 12:13 | Research | Double-Bit Axe |
| 12:25 | Create | Villager (Male) |
| 12:29 | Build | House |
| 13:07 | Create | Villager (Male) |
| 13:09 | Build | House |
| 13:11 | Build | House |
| 13:25 | Build | Market |
| 13:30 | Create | Villager (Male) |
| 13:34 | Build | House |
| 13:52 | Build | House |
| 13:53 | Build | House |
| 14:06 | Build | Stone Wall |
| 14:09 | Create | Villager (Male) |
| 14:13 | Build | Mining Camp |
| 14:25 | Build | Mining Camp |
| 14:41 | Research | Castle Age |
| 14:48 | Build | House |
| 15:18 | Build | House |
| 15:27 | Build | Farm |
| 15:28 | Build | Farm |
| 15:31 | Research | Horse Collar |
| 15:59 | Build | Watch Tower |
| 16:03 | Research | Fletching |
| 16:05 | Create | Villager (Male) |
| 16:08 | Build | Archery Range |
| 16:32 | Build | Stone Wall |
| 16:37 | Create | Villager (Male) |
| 16:40 | Build | House |
| 17:11 | Create | Skirmisher |
| 17:11 | Create | Skirmisher |
| 17:13 | Build | Farm |
| 17:15 | Build | Farm |
| 17:19 | Build | Farm |
| 17:19 | Build | Farm |
| 17:21 | Age | Castle Age |
| 17:36 | Create | Villager (Male) |
| 17:39 | Create | Skirmisher |
| 18:05 | Create | Villager (Male) |
| 18:10 | Build | Monastery |
| 18:17 | Build | Farm |
| 18:25 | Create | Skirmisher |
| 18:36 | Build | Farm |
| 18:48 | Build | Farm |
| 18:48 | Build | Farm |
| 18:51 | Create | Skirmisher |
| 18:58 | Create | Villager (Male) |
| 19:00 | Create | Monk |
| 19:16 | Create | Villager (Male) |
| 19:20 | Create | Skirmisher |
| 19:29 | Build | Farm |
| 19:42 | Research | Bow Saw |
| 19:46 | Create | Villager (Male) |
| 20:01 | Build | Town Center |
| 20:19 | Create | Villager (Male) |
| 20:19 | Create | Villager (Male) |
| 20:21 | Build | Farm |
| 20:51 | Research | Padded Archer Armor |
| 21:06 | Create | Villager (Male) |
| 21:06 | Create | Villager (Male) |
| 21:15 | Create | Villager (Male) |
| 21:15 | Create | Villager (Male) |
| 21:27 | Research | Elite Skirmisher (upgrade) |
| 21:44 | Create | Monk |
| 21:45 | Create | Villager (Male) |
| 21:54 | Build | Farm |
| 21:54 | Build | Farm |
| 21:58 | Build | Farm |
| 22:08 | Create | Skirmisher |
| 22:33 | Build | Siege Workshop |
| 22:36 | Create | Villager (Male) |
| 23:06 | Create | Skirmisher |
| 23:07 | Research | Bodkin Arrow |
| 23:08 | Create | Villager (Male) |
| 23:08 | Create | Villager (Male) |
| 23:18 | Create | Mangonel |
| 23:30 | Build | House |
| 23:31 | Create | Villager (Male) |
| 23:32 | Create | Villager (Male) |
| 23:35 | Create | Skirmisher |
| 23:41 | Create | Skirmisher |
| 23:44 | Create | Villager (Male) |
| 23:54 | Build | Lumber Camp |
| 24:01 | Create | Villager (Male) |
| 24:05 | Create | Villager (Male) |
| 24:06 | Create | Villager (Male) |
| 24:10 | Build | Archery Range |
| 24:15 | Create | Villager (Male) |
| 24:17 | Create | Skirmisher |
| 24:29 | Create | Mangonel |
| 24:30 | Create | Villager (Male) |
| 24:47 | Create | Villager (Male) |
| 24:56 | Create | Skirmisher |
Build order — PEPPA
137 actions detected in the replay
| 0:02 | Create | Villager (Male) |
| 0:02 | Create | Villager (Male) |
| 0:02 | Create | Villager (Male) |
| 0:03 | Build | House |
| 0:05 | Build | House |
| 0:36 | Create | Villager (Male) |
| 0:36 | Create | Villager (Male) |
| 0:36 | Create | Villager (Male) |
| 0:36 | Create | Villager (Male) |
| 1:40 | Create | Villager (Male) |
| 1:40 | Create | Villager (Male) |
| 1:56 | Build | Lumber Camp |
| 2:01 | Create | Villager (Male) |
| 2:01 | Create | Villager (Male) |
| 2:02 | Create | Villager (Male) |
| 2:31 | Create | Villager (Male) |
| 2:31 | Create | Villager (Male) |
| 2:31 | Create | Villager (Male) |
| 3:03 | Create | Villager (Male) |
| 3:03 | Create | Villager (Male) |
| 3:03 | Create | Villager (Male) |
| 3:25 | Create | Villager (Male) |
| 3:25 | Create | Villager (Male) |
| 3:31 | Build | House |
| 4:01 | Build | Mill |
| 4:10 | Build | House |
| 4:18 | Create | Villager (Male) |
| 4:37 | Create | Villager (Male) |
| 5:07 | Create | Villager (Male) |
| 5:07 | Create | Villager (Male) |
| 5:16 | Build | Palisade Wall |
| 5:33 | Create | Villager (Male) |
| 5:40 | Build | Palisade Wall |
| 6:18 | Create | Villager (Male) |
| 6:49 | Create | Villager (Male) |
| 6:58 | Build | House |
| 7:14 | Build | Palisade Wall |
| 7:15 | Build | Palisade Wall |
| 7:18 | Create | Villager (Male) |
| 7:36 | Build | Palisade Wall |
| 7:44 | Create | Villager (Male) |
| 7:44 | Create | Villager (Male) |
| 7:58 | Build | Farm |
| 8:03 | Build | House |
| 8:06 | Build | Palisade Wall |
| 8:10 | Create | Villager (Male) |
| 8:36 | Research | Feudal Age |
| 9:02 | Build | Mill |
| 9:07 | Build | Palisade Wall |
| 10:04 | Create | Villager (Male) |
| 10:16 | Build | Mining Camp |
| 10:46 | Age | Feudal Age |
| 10:57 | Build | Market |
| 11:01 | Build | Blacksmith |
| 11:08 | Create | Villager (Male) |
| 11:21 | Build | Palisade Wall |
| 11:34 | Create | Villager (Male) |
| 12:01 | Create | Villager (Male) |
| 12:03 | Build | Farm |
| 12:21 | Build | House |
| 12:49 | Research | Castle Age |
| 12:49 | Research | Castle Age |
| 13:18 | Research | Double-Bit Axe |
| 14:05 | Research | Horse Collar |
| 14:51 | Create | Villager (Male) |
| 15:16 | Build | Palisade Wall |
| 15:29 | Age | Castle Age |
| 15:30 | Build | Farm |
| 15:31 | Build | Farm |
| 15:32 | Create | Villager (Male) |
| 15:38 | Build | Mining Camp |
| 16:14 | Build | Farm |
| 16:15 | Create | Villager (Male) |
| 16:32 | Build | Farm |
| 16:38 | Create | Villager (Male) |
| 17:07 | Create | Villager (Male) |
| 17:22 | Build | Castle |
| 17:33 | Research | Loom |
| 17:35 | Create | Villager (Male) |
| 17:46 | Create | Villager (Male) |
| 18:03 | Build | Monastery |
| 18:10 | Create | Villager (Male) |
| 18:18 | Create | Conquistador |
| 18:18 | Create | Conquistador |
| 18:24 | Research | Padded Archer Armor |
| 18:34 | Build | Farm |
| 18:40 | Create | Missionary |
| 18:51 | Build | Farm |
| 18:55 | Build | Farm |
| 18:56 | Create | Villager (Male) |
| 19:00 | Build | Farm |
| 19:10 | Create | Conquistador |
| 19:15 | Create | Villager (Male) |
| 19:44 | Create | Conquistador |
| 19:44 | Create | Villager (Male) |
| 20:04 | Create | Villager (Male) |
| 20:13 | Create | Missionary |
| 20:21 | Create | Conquistador |
| 20:32 | Create | Villager (Male) |
| 20:41 | Build | Siege Workshop |
| 20:56 | Create | Villager (Male) |
| 21:13 | Create | Villager (Male) |
| 21:15 | Build | Lumber Camp |
| 21:17 | Build | Farm |
| 21:26 | Create | Conquistador |
| 21:45 | Create | Villager (Male) |
| 22:14 | Build | Farm |
| 22:15 | Build | Farm |
| 22:25 | Create | Villager (Male) |
| 22:27 | Create | Mangonel |
| 22:36 | Build | Outpost |
| 22:38 | Create | Villager (Male) |
| 22:38 | Create | Villager (Male) |
| 22:41 | Build | Farm |
| 23:00 | Build | Outpost |
| 23:19 | Create | Villager (Male) |
| 23:20 | Create | Villager (Male) |
| 23:22 | Build | Farm |
| 23:23 | Build | Farm |
| 23:26 | Build | Farm |
| 23:27 | Build | Farm |
| 23:39 | Build | Mining Camp |
| 23:54 | Create | Villager (Male) |
| 23:54 | Create | Villager (Male) |
| 24:07 | Create | Mangonel |
| 24:29 | Create | Villager (Male) |
| 25:02 | Create | Villager (Male) |
| 25:02 | Create | Villager (Male) |
| 25:09 | Build | Lumber Camp |
| 25:25 | Create | Mangonel |
| 25:27 | Create | Villager (Male) |
| 25:36 | Build | Castle |
| 25:39 | Create | Villager (Male) |
| 25:39 | Create | Villager (Male) |
| 26:07 | Create | Villager (Male) |
| 26:11 | Build | Mining Camp |
| 26:14 | Build | House |
Match timeline
| 5:16 | PEPPA · wall_segment Palisade Wall x3 |
| 5:40 | PEPPA · wall_segment Palisade Wall x10 |
| 7:14 | PEPPA · wall_segment Palisade Wall x1 |
| 7:15 | PEPPA · wall_segment Palisade Wall x1 |
| 7:36 | PEPPA · wall_segment Palisade Wall x9 |
| 8:06 | PEPPA · wall_segment Palisade Wall x1 |
| 9:06 | [KOF]_ChavaAzcona · first_building Barracks |
| 9:07 | PEPPA · wall_segment Palisade Wall x5 |
| 9:17 | [KOF]_ChavaAzcona · wall_segment Palisade Wall x7 |
| 9:25 | [KOF]_ChavaAzcona · wall_segment Palisade Wall x5 |
| 10:37 | [KOF]_ChavaAzcona · wall_segment Palisade Wall x14 |
| 10:38 | [KOF]_ChavaAzcona · age_up feudal |
| 10:46 | PEPPA · age_up feudal |
| 10:56 | [KOF]_ChavaAzcona · first_building Stable |
| 11:21 | PEPPA · wall_segment Palisade Wall x1 |
| 11:40 | PEPPA · first_market_sell 100 wood |
| 11:58 | PEPPA · first_market_buy 100 food |
| 14:06 | [KOF]_ChavaAzcona · wall_segment Stone Wall x11 |
| 14:37 | [KOF]_ChavaAzcona · first_market_sell 100 food |
| 15:16 | PEPPA · wall_segment Palisade Wall x1 |
| 15:29 | PEPPA · age_up castle |
| 16:08 | [KOF]_ChavaAzcona · first_building Archery Range |
| 16:32 | [KOF]_ChavaAzcona · wall_segment Stone Wall x7 |
| 17:21 | [KOF]_ChavaAzcona · age_up castle |
| 17:22 | PEPPA · first_building Castle |
| 18:03 | PEPPA · first_building Monastery |
| 18:10 | [KOF]_ChavaAzcona · first_building Monastery |
| 18:42 | [KOF]_ChavaAzcona · first_market_buy 100 wood |
| 20:41 | PEPPA · first_building Siege Workshop |
| 22:33 | [KOF]_ChavaAzcona · first_building Siege Workshop |
| 26:36 | [KOF]_ChavaAzcona · resign |
[ AI ANALYSIS · 1 CREDIT ]
What really happened in this match?
Wolo.gg analyzes every decision: build order, eco, micro, common mistakes by bracket. Personalized analysis on WhatsApp or Discord in 30 seconds.
Civ guide
Hindustanis
Perfil
[KOF]_ChavaAzcona